 Dungeon Crawl Stone Soup version 0.31-a0-263-ge8cad7f256 (webtiles) character file.

Game seed: 9427509358407037882

998 qw the Skirmisher (level 8, 0/68 (70) HPs)
             Began as a Minotaur Hexslinger on July 13, 2023.
             Slain by a wight
             ... wielding a +2 war axe
              (6 damage)
             ... on level 5 of the Dungeon.
             The game lasted 00:01:54 (4672 turns).

qw the Skirmisher (Minotaur Hexslinger)             Turns: 4672, Time: 00:01:55

HP:   0/68 (70)     AC: 10    Str: 14    XL:     8   Next: 0%
MP:   8/8           EV: 12    Int: 10    God:
Gold: 213           SH:  0    Dex: 14    Spells: 8/9 levels left

rFire   . . .        Y - +2 sling
rCold   . . .        (no shield)
rNeg    + . .        e - +3 leather armour {rN+}
rPois   .            (helmet restricted)
rElec   .            (no cloak)
rCorr   .            (no gloves)
SInv    .            (no boots)
Will    .....        h - amulet of faith
Stlth   ++           f - ring "Tesebuf" {AC+4 Stlth+}
HPRegen 0.31/turn    (no ring)
MPRegen 0.11/turn

%: faith
@: lightly drained
A: horns 2, retaliatory headbutt
a: no special abilities


You were on level 5 of the Dungeon.
You visited 1 branch of the dungeon, and saw 5 of its levels.

You collected 213 gold pieces.


Innate Abilities, Weirdness & Mutations

You have a pair of horns on your head.
You reflexively headbutt those who attack you in melee.


   Skills:
 - Level 5.6 Fighting
 + Level 8.4 Ranged Weapons
 - Level 1.1 Armour
 - Level 3.4 Dodging
 - Level 1.0 Spellcasting
 - Level 2.0 Hexes


You had 8 spell levels left.
You knew the following spells:

 Your Spells              Type           Power      Damage    Failure   Level
a - Slow                  Hex            16%        N/A       19%         1

Your spell library contained the following spells:

 Spells                   Type           Power      Damage    Failure   Level
 Inner Flame              Hex/Fire       2%         N/A       63%         3
 Portal Projectile        Hex/Tloc       4%         N/A       63%         3
 Cause Fear               Hex            2%         N/A       88%         4

Inventory:

Hand Weapons
 Y - a +2 sling (weapon)
Armour
 e - a +3 leather armour of positive energy (worn)
Jewellery
 f - the ring "Tesebuf" (left hand) {AC+4 Stlth+}
   (You found it on level 4 of the Dungeon)

   [ring of protection]

   AC:        It affects your AC (+4).
   Stlth:     It makes you more stealthy.
 h - an amulet of faith (around neck)
Scrolls
 a - a scroll of identify
 g - a scroll of enchant armour
Potions
 b - a potion of curing
 d - a potion of might
 j - a potion of attraction {unknown}

Dungeon Overview and Level Annotations

Branches:
Dungeon (5/15)
 Temple: D:4-7

Altars:
Cheibriados
Sif Muna

Shops:
D:3 =   D:4 *


Message History

The wight hits you with a +0 short sword.
The wight closely misses you.
The wight hits you from afar with a +0 halberd!
You partially resist.
You feel drained.
You shoot a sling bullet.
The sling bullet hits the wight but does no damage.
The wight is severely damaged.
The wight hits you with a +0 short sword.
The wight barely misses you. You furiously retaliate!
You headbutt the wight.
The wight hits you from afar with a +0 halberd!
You partially resist.
You feel drained.
You shoot a sling bullet.
The sling bullet barely misses the wight.
The wight closely misses you. The wight hits you but does no damage.
The wight hits you with a +2 war axe!
You shoot a sling bullet. The sling bullet hits the wight!
You destroy the wight!
The wight misses you. The wight barely misses you. You furiously retaliate!
You headbutt the wight.
You have reached level 8!
You feel stronger.
You shoot a sling bullet.
The sling bullet hits the wight but does no damage.
The wight is moderately damaged.
The wight closely misses you.
You shoot a sling bullet.
The sling bullet completely misses the wight.
The wight closely misses you. x2; You furiously retaliate!
You headbutt the wight! You shoot a sling bullet.
The sling bullet hits the wight but does no damage.
The wight is severely damaged.
The wight hits you but does no damage. The wight barely misses you.
You shoot a sling bullet.
The sling bullet hits the wight but does no damage.
The wight is severely damaged.
The wight barely misses you. The wight hits you with a +2 war axe.
You shoot a sling bullet. The sling bullet hits the wight.
The wight is severely damaged.
The wight barely misses you. The wight hits you with a +2 war axe.
You die...

######### ##########
........## #........#
.....##..######........#
.......)............>..#
.....###)######........#
#### #z@# #....[...#
##.# ##........# #z.
#.........# ....
#...###.### .....#...#
#.# ......##### #.#
#.#.### #.##### .# .#
#.#.... #.#....


You could see 2 wights.

Vanquished Creatures
  A water moccasin (D:4)
  Duvessa (D:4)
  An ogre (D:5)
  A phantom (D:4)
  A scorpion (D:4)
  3 wights (D:5)
  Dowan (D:4)
  A jelly (D:4)
  An iguana (D:3)
  4 gnolls
  19 adders
  An ufetubus (D:4)
  3 worms
  A dart slug (D:1)
  An orc (D:5)
  14 endoplasms
  A giant cockroach (D:4)
  3 goblins
  6 hobgoblins
  14 jackals
  2 quokkas
  10 ball pythons
  7 bats
  2 frilled lizards (D:2)
  3 kobolds
  5 rats
107 creatures vanquished.

Notes
Turn   | Place    | Note
-------+----------+-------------------------------------------
     0 | D:1      | qw the Minotaur Hexslinger began the quest for the Orb.
     0 | D:1      | Reached XP level 1. HP: 16/16 MP: 1/1
     0 | D:1      | 0 ||| qw: Version: 0.3-a-52-g30416fa
     0 | D:1      | 0 ||| qw: Game counter: 7113
     0 | D:1      | 0 ||| qw: Melee chars always use a shield: true
     0 | D:1      | 0 ||| qw: God list: Okawaru
     0 | D:1      | 0 ||| qw: Allow faded altars: false
     0 | D:1      | 0 ||| qw: Do Orc after clearing Dungeon:15 true
     0 | D:1      | 0 ||| qw: Do second Lair branch before Depths: true
     0 | D:1      | 0 ||| qw: Lair rune preference: random
     0 | D:1      | 0 ||| qw: Goals: Normal
     0 | D:1      | 0 ||| PLANNING D:1-11
   143 | D:1      | Reached skill level 3 in Ranged Weapons
   143 | D:1      | Reached XP level 2. HP: 11/23 MP: 2/2
   829 | D:1      | 829 ||| UPGRADING to +0 leather armour.
   839 | D:1      | 839 ||| DROPPING +0 robe.
   840 | D:1      | 840 ||| UPGRADING to +0 ring mail.
   850 | D:1      | 850 ||| DROPPING +0 leather armour.
   851 | D:1      | 851 ||| DROPPING scarf of shadows.
   852 | D:1      | 852 ||| READING scroll labelled INLOT ZIJUM.
   853 | D:1      | 853 ||| READING 2 scrolls labelled CEVEIWN FUCOCO.
   857 | D:1      | 857 ||| READING scroll labelled FIRIYN ENIXTEU.
   858 | D:1      | 858 ||| DRINKING 4 yellow potions.
   859 | D:1      | 859 ||| DROPPING scroll of poison.
   892 | D:2      | Reached XP level 3. HP: 28/29 MP: 3/3
   970 | D:2      | Reached skill level 4 in Ranged Weapons
   985 | D:2      | Reached skill level 1 in Armour
   985 | D:2      | 985 ||| FLEEEEING.
   986 | D:2      | 986 ||| FLEEEEING.
   987 | D:2      | 987 ||| FLEEEEING.
   988 | D:2      | 988 ||| FLEEEEING.
   989 | D:2      | 989 ||| FLEEEEING.
   990 | D:2      | 990 ||| FLEEEEING.
   991 | D:2      | 991 ||| FLEEEEING.
   992 | D:2      | 992 ||| FLEEEEING.
   993 | D:2      | 993 ||| FLEEEEING.
   994 | D:2      | 994 ||| FLEEEEING.
   995 | D:2      | 995 ||| FLEEEEING.
   996 | D:2      | 996 ||| FLEEEEING.
   997 | D:2      | 997 ||| FLEEEEING.
   998 | D:2      | 998 ||| FLEEEEING.
   999 | D:2      | 999 ||| FLEEEEING.
  1125 | D:2      | Reached XP level 4. HP: 30/36 MP: 4/4
  1292 | D:2      | Found a shimmering blue altar of Sif Muna.
  1383 | D:2      | Reached skill level 5 in Ranged Weapons
  1494 | D:2      | Reached XP level 5. HP: 31/44 MP: 5/5
  1548 | D:2      | Reached skill level 3 in Fighting
  2015 | D:2      | 2015 ||| READING 2 scrolls labelled EGGAUSUPP RORIMUE.
  2016 | D:2      | 2016 ||| READING scroll labelled FIROTS QYCIMN.
  2017 | D:2      | 2017 ||| READING 2 scrolls labelled UXTUFE CEA.
  2018 | D:2      | 2018 ||| READING scroll labelled ENATUO PUUMNA.
  2019 | D:2      | 2019 ||| DRINKING 2 fizzy pink potions.
  2020 | D:2      | 2020 ||| DROPPING scroll of noise.
  2021 | D:2      | 2021 ||| DROPPING potion of brilliance.
  2122 | D:3      | 2122 ||| FLEEEEING.
  2123 | D:3      | 2123 ||| FLEEEEING.
  2124 | D:3      | 2124 ||| FLEEEEING.
  2125 | D:3      | 2125 ||| FLEEEEING.
  2126 | D:3      | 2126 ||| FLEEEEING.
  2127 | D:3      | 2127 ||| FLEEEEING.
  2128 | D:3      | 2128 ||| FLEEEEING.
  2129 | D:3      | 2129 ||| FLEEEEING.
  2130 | D:3      | 2130 ||| FLEEEEING.
  2131 | D:3      | 2131 ||| FLEEEEING.
  2132 | D:3      | 2132 ||| FLEEEEING.
  2133 | D:3      | 2133 ||| FLEEEEING.
  2134 | D:3      | 2134 ||| FLEEEEING.
  2135 | D:3      | 2135 ||| STAIRDANCE
  2223 | D:3      | 2223 ||| STAIRDANCE
  2370 | D:3      | Reached skill level 6 in Ranged Weapons
  2407 | D:3      | 2407 ||| Stepping ~*~*~tactically~*~*~ (water).
  2514 | D:3      | Found Zenwuiq's Jewellery Emporium.
  2521 | D:3      | 2521 ||| SHOPLISTING +4 ring of protection (504 gold, have
                  | 147).
  2521 | D:3      | 2521 ||| SHOPLISTING +6 ring of dexterity (504 gold, have
                  | 147).
  2521 | D:3      | 2521 ||| SHOPLISTING amulet of the acrobat (420 gold, have
                  | 147).
  2521 | D:3      | 2521 ||| SHOPLISTING ring of ice (350 gold, have 147).
  2521 | D:3      | 2521 ||| SHOPLISTING ring of poison resistance (280 gold,
                  | have 147).
  2521 | D:3      | 2521 ||| SHOPLISTING ring of resist corrosion (280 gold,
                  | have 147).
  2860 | D:3      | 2860 ||| READING 3 scrolls labelled FYSHRI COARIU.
  2861 | D:3      | 2861 ||| READING scroll labelled SEMOUXZATUR.
  2862 | D:3      | 2862 ||| DRINKING 3 puce potions.
  2908 | D:3      | 2908 ||| READING 2 scrolls of identify.
  2908 | D:3      | 2908 ||| IDENTIFYING smoky amethyst potion
  2909 | D:3      | 2909 ||| DROPPING 2 potions of lignification.
  2953 | D:4      | 2953 ||| STAIRDANCE
  2961 | D:3      | Reached XP level 6. HP: 25/52 MP: 6/6
  3109 | D:4      | HP: 11/52 [poisoned by a scorpion]
  3114 | D:4      | HP: 7/53 [poisoned by a scorpion]
  3298 | D:4      | Found Xyahaac's Serpentskin Sales.
  3298 | D:4      | Noticed a water moccasin
  3307 | D:4      | HP: 12/53 [poisoned by a water moccasin]
  3308 | D:4      | 3308 ||| READING scroll of teleportation.
  3309 | D:4      | 3309 ||| DRINKING 3 potions of heal wounds.
  3312 | D:4      | Killed a water moccasin
  3458 | D:4      | Identified the ring "Tesebuf" {AC+4 Stlth+}
  3490 | D:4      | Reached skill level 7 in Ranged Weapons
  3651 | D:4      | Reached XP level 7. HP: 26/60 MP: 7/7
  3653 | D:4      | 3653 ||| FLEEEEING.
  3654 | D:4      | 3654 ||| FLEEEEING.
  3658 | D:4      | HP: 9/60 [acid (7)]
  3659 | D:4      | 3659 ||| DRINKING 2 potions of heal wounds.
  3902 | D:4      | Found a snail-covered altar of Cheibriados.
  3924 | D:4      | Noticed Duvessa
  3924 | D:4      | Noticed Dowan
  3935 | D:4      | HP: 14/60 [Duvessa/+0 short sword (2)]
  3936 | D:4      | 3936 ||| DRINKING potion of heal wounds.
  3944 | D:4      | Killed Duvessa
  3945 | D:4      | Reached skill level 8 in Ranged Weapons
  3946 | D:4      | HP: 15/60 [Dowan/+0 dagger (2)]
  3953 | D:4      | Killed Dowan
  4439 | D:4      | 4439 ||| UPGRADING to +3 leather armour of positive energy.
  4449 | D:4      | 4449 ||| DROPPING +0 ring mail.
  4450 | D:4      | 4450 ||| UPGRADING to amulet of faith.
  4455 | D:4      | 4455 ||| DROPPING ring of wizardry.
  4456 | D:4      | 4456 ||| UPGRADING to ring "Tesebuf" {AC+4 Stlth+}.
  4457 | D:4      | 4457 ||| DROPPING +6 ring of intelligence.
  4458 | D:4      | 4458 ||| READING 2 scrolls of identify.
  4458 | D:4      | 4458 ||| IDENTIFYING blue potion
  4471 | D:5      | Entered Level 5 of the Dungeon
  4624 | D:5      | Reached skill level 3 in Dodging
  4666 | D:5      | HP: 7/58 [wight/+2 war axe (10)]
  4668 | D:5      | Reached XP level 8. HP: 9/68 MP: 8/8
  4671 | D:5      | HP: 6/68 [wight/+2 war axe (4)]
  4672 | D:5      | Slain by a wight

Levels and vault maps discovered:
D:1:      roderic_crossed_star, layout_basic, grunt_decor_cap,
          minmay_tiny_reverse_x
D:2:      layout_basic, basic_altar, minmay_snake_closets
D:3:      layout_basic, serial_shops, nicolae_shop_tiny_statue_garden,
          serial_rivers, chequers_serial_rivers_large_b,
          chequers_serial_rivers_large_a, chequers_serial_rivers_room_b,
          chequers_serial_rivers_marsh, kennysheep_path_1, nrook_mini_vaults,
          amcnicky_mini_corridor_feature
D:4:      layout_cave_pools, mainiacjoe_overflow_24_doors, minmay_crystal_room,
          grunt_ministairs_15, guppyfry_shop_venom, uniq_duvessa
D:5:      wad_pebble_path, layout_basic, nicolae_overflow_hallway_of_the_gods,
          uniq_sigmund, uniq_blork_the_orc, uniq_ijyb

Skill      XL: |  1  2  3  4  5  6  7 |
---------------+----------------------+-----
Ranged Weapons | 3 4 5 6 7 8 |  8.4
Fighting       | 2 3 4 5 |  5.6
Armour         | 1 |  1.1
Dodging        | 3 |  3.4
Spellcasting   | |  1.0
Hexes          | |  2.0

Action                     |  1- 3 |  4- 6 |  7- 9 || total
---------------------------+-------+-------+-------++-------
   Fire: Sling             |   108 |   255 |   113 ||   476
    Use: Scroll            |     3 |     8 |     1 ||    12
         Potion            |     1 |     3 |     2 ||     6
 Armour: Robe              |    12 |       |       ||    12
         Ring mail         |     7 |    71 |    14 ||    92
         Leather armour    |       |       |     7 ||     7
  Dodge: Dodged            |    41 |   114 |    63 ||   218

Table legend:
 A = Non-vault XP
 B = Vault XP
 C = Vault XP percentage of total XP
 D = Non-vault monster count
 E = Vault monster count
 F = Vault count percentage of total count
                 A         B        C        D         E       F
            +---------+---------+-------+---------+---------+-------
      Total |     808 |     619 |  43.4 |      87 |      20 |  18.7
            +---------+---------+-------+---------+---------+-------
        D:1 |      28 |       2 |   6.7 |      17 |       2 |  10.5
        D:2 |     109 |     125 |  53.4 |      25 |      12 |  32.4
        D:3 |     132 |       0 |   0.0 |      19 |       0 |   0.0
        D:4 |     190 |     492 |  72.1 |      21 |       6 |  22.2
        D:5 |     349 |       0 |   0.0 |       5 |       0 |   0.0
            +---------+---------+-------+---------+---------+-------
